 Dungeon Crawl Stone Soup version 0.32-a0-540-g866d13106e (webtiles) character file.

Game seed: 7922277496482368508

322 Drazool the Chopper (level 6, -12/51 HPs)
             Began as a Mountain Dwarf Fighter on Feb 28, 2024.
             Was a Believer of Zin.
             Killed by divine providence
             ... invoked by an orc priest
              (13 damage)
             ... on level 4 of the Dungeon.
             The game lasted 00:12:22 (3719 turns).

Drazool the Chopper (Mountain Dwarf Fighter)        Turns: 3719, Time: 00:12:22

Health: -12/51     AC: 16    Str: 26 (27) XL:     6   Next: 22%
Magic:  7/7        EV:  6    Int:  5 (8)  God:    Zin [**....]
Gold:   275        SH:  4    Dex:  8 (9)  Spells: 5/5 levels left

rFire   . . .        a - +0 war axe
rCold   . . .        c - +0 buckler
rNeg    . . .        q - +0 plate armour
rPois   .            e - +2 helmet
rElec   .            (no cloak)
rCorr   .            f - +1 pair of gloves
SInv    .            (no boots)
Will    .....        (no amulet) Stlth
                     S - +6 ring of strength
HPRegen 0.28/turn    (no ring)
MPRegen 0.10/turn

%: no passive effects
@: on recite cooldown
A: runic magic, artefact enchanting
a: Renounce Religion, Recite, Vitalisation, Donate Gold


You were on level 4 of the Dungeon.
You worshipped Zin.
Zin was pleased with you.
You visited 1 branch of the dungeon, and saw 4 of its levels.

You collected 305 gold pieces.
You donated 30 gold pieces to Zin.


Innate Abilities, Weirdness & Mutations

Your spellcasting is much less encumbered by armour.
You can use scrolls of enchantment on lesser artefacts.


   Skills:
 - Level 3.2 Fighting
 * Level 7.7 Axes
 - Level 3.2 Armour
 - Level 3.2 Shields
 + Level 1.9 Invocations


You had 5 spell levels left.
You didn't know any spells.
Your spell library contained the following spells:

 Spells                   Type           Power      Damage    Failure   Level
 Jinxbite                 Hex            0%         N/A       88%         2
 Tukima's Dance           Hex            0%         N/A       98%         3
 Passage of Golubria      Tloc           0%         N/A       100%        4
 Yara's Violent Unravell  Hex/Alch       0%         3d3       100%        5
 Sculpt Simulacrum        Ice/Alch       0%         N/A       100%        6
 Enfeeble                 Hex            0%         N/A       100%        7
 Ozocubu's Refrigeration  Ice            0%         4d7       100%        7
 Polar Vortex             Ice            0%         N/A       100%        9

Inventory:

Hand Weapons
 a - a +0 war axe (weapon)
Missiles
 g - 4 javelins (quivered)
 m - 6 poisoned darts
Armour
 c - a +0 buckler (worn)
 e - a +2 helmet (worn)
 f - a +1 pair of gloves (worn)
 q - a +0 plate armour (worn)
Magical Staves
 k - a staff of alchemy {!a}
 s - a staff of air {!a}
Jewellery
 C - a ring of ice
 S - a +6 ring of strength (left hand)
Scrolls
 b - 2 scrolls of teleportation {unknown}
 h - a scroll of fog {unknown}
 l - a scroll of fear {unknown}
 o - a scroll of summoning {unknown}
 p - a scroll of poison {unknown}
 r - a scroll of brand weapon {unknown}
 w - a scroll of noise
Potions
 d - 2 potions of might
 i - a potion of mutation {unknown}
 n - a potion of curing {unknown}
 t - a potion of attraction {unknown}

Dungeon Overview and Level Annotations

Branches:
Dungeon (4/15)
 Temple: D:4-7

Altars:
Elyvilon
Sif Muna
Zin

..▓▓.▓..▓▓.▓..▓▓.▓..#..#.........
#......##........#####.#..#......
.......#........######....##.....
....▒..........÷....#.....÷...▒▒.
....................#.....##.▒▒▒▒
⌠.⌠.▒.......####..#......####▒⚑~▒
...................#.##..# ▒.▒▒
....▒..........#)o##.....####▒.'.
.⚑..............@)..#.....#..▒.▒▒
....▒....#..........#........▒⚑≈▒
......#..#..##...............▒▒▒▒
⌠.⌠.▒.#...)####.........>...#.▒▒.
......##.....[..............#....
....▒........[...<...............
.......##........................
#......##.........#..[..........#
########........##.....#........#


You could see an orc priest.


Message History

You barely miss the orc priest. The orc priest barely misses you.
The orc priest calls down the wrath of Beogh upon you.
Beogh smites you!
* * * LOW HITPOINT WARNING * * *
The orc priest hits you but does no damage.
You slash the orc priest!
The orc priest is heavily wounded.
The orc priest invokes the aid of Beogh against you.
You struggle to resist.
You barely miss the orc priest.
The orc priest is heavily wounded.
The orc priest looks satisfied for a moment.
You slash the orc priest!
The orc priest is almost dead.
The orc priest miscasts a cantrip.
The orc priest invokes the aid of Beogh against you.
Beogh smites you!
* * * LOW HITPOINT WARNING * * *
You barely miss the orc priest.
The orc priest is almost dead.
The orc priest mumbles some strange prayers to Beogh against you.
Beogh smites you!
* * * LOW HITPOINT WARNING * * *
Unknown command.
You slash the orc priest!
You kill the orc priest!
You hit the orc priest.
The orc priest calls down the wrath of Beogh upon you.
Beogh smites you!
You die...

Skill      XL: |  1  2  3  4  5 |
---------------+----------------+-----
Axes           | 3 4 5 6 7 |  7.7
Invocations    | 1 |  1.9
Fighting       | |  3.2
Armour         | |  3.2
Shields        | |  3.2

Action                     |  1- 3 |  4- 6 || total
---------------------------+-------+-------++-------
  Melee: War axe           |   158 |   144 ||   302
  Throw: Javelin           |       |     2 ||     2
 Invoke: Recite            |       |     3 ||     3
    Use: Scroll            |       |     4 ||     4
         Potion            |       |     1 ||     1
 Armour: Scale mail        |   111 |       ||   111
         Plate armour      |    37 |   120 ||   157
  Dodge: Dodged            |    62 |    33 ||    95
  Block: Buckler           |    25 |    28 ||    53

Levels and vault maps discovered:
D:1:      amcnicky_arrival_choice, layout_loops_cross
D:2:      layout_loops_ring
D:3:      layout_basic
D:4:      layout_cave_pools, elyvilon_altar_5,
          gammafunk_temple_overflow_elements, nicolae_eternal_life,
          kennysheep_nub, feat_on_display

Notes
Turn   | Place    | Note
-------+----------+-------------------------------------------
     0 | D:1      | Drazool the Mountain Dwarf Fighter began the quest for the
                  | Orb.
     0 | D:1      | Reached XP level 1. HP: 19/19 MP: 1/1
    57 | D:1      | Reached skill level 3 in Axes
    77 | D:1      | Reached XP level 2. HP: 24/26 MP: 2/2
   289 | D:1      | Reached skill level 4 in Axes
   674 | D:1      | Reached XP level 3. HP: 31/31 MP: 3/3
  1453 | D:3      | Reached skill level 5 in Axes
  2005 | D:3      | Reached XP level 4. HP: 38/38 MP: 4/4
  2261 | D:3      | Reached skill level 6 in Axes
  2584 | D:4      | Reached XP level 5. HP: 42/45 MP: 5/5
  2715 | D:4      | Found a shimmering blue altar of Sif Muna.
  2715 | D:4      | Found a glowing silver altar of Zin.
  2727 | D:4      | Became a worshipper of Zin the Law-Giver
  2727 | D:4      | Reached * piety under Zin
  2769 | D:4      | Reached skill level 7 in Axes
  2913 | D:4      | Reached skill level 1 in Invocations
  2952 | D:4      | Found a white marble altar of Elyvilon.
  3054 | D:4      | Reached ** piety under Zin
  3538 | D:4      | Reached XP level 6. HP: 43/51 MP: 5/7
  3718 | D:4      | HP: 1/51 [orc priest/divine providence (16)]
  3719 | D:4      | Killed from afar by an orc priest

Vanquished Creatures
  An orc priest (D:4)
  A jelly (D:4)
  2 hounds (D:4)
  An iguana (D:4)
  2 orc wizards (D:4)
  3 gnolls (D:3)
  3 adders
  2 dart slugs
  13 orcs
  7 endoplasms
  4 giant cockroaches
  6 goblins
  4 hobgoblins
  4 jackals
  5 quokkas
  9 ball pythons
  3 bats
  7 frilled lizards
  10 kobolds
  4 rats
91 creatures vanquished.

Table legend: (Time is in decaauts)
 A = Elapsed time spent in this place.
 B = Non-inter-level travel time spent in this place.
 C = Inter-level travel time spent in this place.
 D = Time resting spent in this place.
 E = Time spent auto-exploring this place.
 F = Levels seen in this place.
 G = Mean time per level.
                   A        B        C        D        E       F      G
               +--------+--------+--------+--------+--------+-----+--------+
         Total |   3798 |   3634 |    164 |    429 |   2295 |   4 |  949.5 |
       Dungeon |   3798 |   3634 |    164 |    429 |   2295 |   4 |  949.5 |
               +--------+--------+--------+--------+--------+-----+--------+

Top non-repeatable levels by time:
     D:3: 1333 daAuts
     D:4: 992 daAuts
     D:1: 750 daAuts
     D:2: 722 daAuts

Table legend:
 A = Non-vault XP
 B = Vault XP
 C = Vault XP percentage of total XP
 D = Non-vault monster count
 E = Vault monster count
 F = Vault count percentage of total count
                 A         B        C        D         E       F
            +---------+---------+-------+---------+---------+-------
      Total |     505 |       0 |   0.0 |      91 |       0 |   0.0
            +---------+---------+-------+---------+---------+-------
        D:1 |      41 |       0 |   0.0 |      28 |       0 |   0.0
        D:2 |      36 |       0 |   0.0 |      15 |       0 |   0.0
        D:3 |      92 |       0 |   0.0 |      26 |       0 |   0.0
        D:4 |     336 |       0 |   0.0 |      22 |       0 |   0.0
            +---------+---------+-------+---------+---------+-------
